Map: Ever Dream LE

Players

BlysK

  • Race: Protoss Protoss
  • League: Master
  • Spawn Location: 1:00

RiSky - Winner!

  • Race: Zerg Zerg
  • Spawn Location: 7:00

Event: DreamHack SC2 Masters 2020 Summer Oceania RoA

VOD

Have the link to the VOD?

Description

Time

  • Played on: June 24, 2020, 6:09 a.m.
  • Length: 5:40

All games in this series

Show
View Real Time Build Order
Export as new Build Order

BlysK Protoss 

Build Orders: 1 Gate Expand, Zealot Archon 

Get SALT Encoding   

  12  0:00  Probe  
  13  0:12  Probe  
  14  0:18  Pylon  
  14  0:24  Probe  
  15  0:33  Probe  
  15  0:39  Gateway  
  15  0:41  Probe  
  16  0:49  Assimilator  
  17  0:51  Probe  
  18  1:00  Gateway  
  18  1:03  Probe  
  19  1:16  Probe  
  20  1:26  Cybernetics Core  
  20  1:40  Nexus  
  20  1:48  Pylon  
  20  1:50  Probe  
  21  1:56  Adept x2  
  21  2:02  Probe  
  26  2:09  Warp Gate  
  26  2:14  Probe  
  27  2:18  Assimilator  
  27  2:26  Probe  
  27  2:29  Stalker  
  30  2:39  Probe  
  31  2:52  Probe  
  31  2:57  Robotics Facility  
  32  3:00  Probe  
  32  3:03  Adept  
  32  3:04  Probe  
  36  3:13  Probe  
  36  3:16  Probe  
  34  3:22  Twilight Council  
  34  3:25  Probe  
  35  3:28  Probe  
  36  3:37  Probe  
  36  3:39  Warp Prism  
  36  3:40  Assimilator, Probe  
  38  3:42  Assimilator  
  40  3:49  Probe  
  40  3:53  Probe  
  42  3:56  Gateway  
  42  3:59  Templar Archives  
  42  4:01  Probe  
  43  4:05  Probe  
  43  4:06  Gateway  
  44  4:13  Probe  
  44  4:14  Pylon  
  45  4:17  Probe  
  46  4:25  Pylon  
  46  4:32  Probe x2  
  46  4:34  Adept x2  
  52  4:39  Pylon  
  52  4:42  Immortal  
  52  4:45  Probe x2  
  56  4:56  High Templar x2, Zealot  
  56  4:57  Probe  
  61  5:00  Archon  
  39  5:17  Zealot  
Show
View Real Time Build Order
Export as new Build Order

RiSky Zerg - Winner!

Build Orders: Hatch First 

Get SALT Encoding   

  12  0:00  Drone  
  13  0:12  Overlord  
  13  0:17  Drone  
  14  0:30  Drone  
  14  0:31  Drone  
  16  0:49  Hatchery  
  15  0:51  Drone  
  15  0:56  Drone  
  17  0:58  Drone  
  18  1:11  Extractor  
  18  1:13  Spawning Pool  
  18  1:16  Drone  
  17  1:20  Drone  
  18  1:28  Drone  
  19  1:39  Drone  
  20  1:49  Overlord  
  20  2:00  Queen  
  20  2:01  Queen  
  22  2:02  Zergling x4  
  26  2:10  Metabolic Boost  
  26  2:11  Drone  
  26  2:12  Drone  
  28  2:25  Zergling x4  
  30  2:33  Zergling x2  
  30  2:34  Zergling x2  
  30  2:36  Queen  
  32  2:44  Overlord  
  34  2:51  Drone  
  35  2:54  Drone  
  36  3:04  Drone  
  37  3:07  Roach Warren  
  37  3:09  Drone  
  34  3:13  Drone  
  34  3:16  Drone x2  
  36  3:20  Drone x2  
  36  3:21  Overlord, Extractor  
  37  3:32  Overlord  
  37  3:47  Roach x6  
  48  3:50  Roach  
  48  3:53  Roach  
  52  3:59  Overlord  
  52  4:02  Zergling x2  
  53  4:04  Zergling x2  
  54  4:10  Zergling x2  
  54  4:14  Zergling x6  
  54  4:16  Zergling x2  
  59  4:19  Zergling x2  
  59  4:21  Zergling x2  
  61  4:26  Zergling x2  
  62  4:31  Overlord  
  62  4:34  Ravager x3  
  65  4:38  Zergling x4  
  65  4:43  Overlord  
  66  4:52  Zergling x2  
  66  4:53  Zergling x4  
  67  5:01  Zergling x2  
  67  5:02  Zergling x4  
  67  5:06  Ravager x2  
  68  5:08  Drone  
  67  5:14  Zergling x2  
  67  5:20  Zergling x10  
Tags
 
Add a new tag
Caveats
  • Supply blocks, unpowered buildings, or Contaminate may cause inaccurate times.
  • Supply counts are checked every 10 seconds.